 Dungeon Crawl Stone Soup version 0.26.1-2-gb8aa6d0cf2 (webtiles) character file.

Game seed: 14138256040043269968

39 Ladykiller69 the Chopper (level 3, -5/35 (37) HPs)
             Began as an Ogre Gladiator on Mar 19, 2021.
             Slain by Crazy Yiuf
             ... wielding a +2 quarterstaff of chaos
              (14 damage)
             ... on level 2 of the Dungeon.
             The game lasted 00:02:36 (1857 turns).

Ladykiller69 the Chopper (Ogre Gladiator)           Turns: 1857, Time: 00:02:37

HP:   -5/35 (37)    AC:  3    Str: 19    XL:     3   Next: 45%
MP:   3/3           EV:  5    Int:  9    God:
Gold: 111           SH: 11    Dex: 10    Spells: 2/2 levels left

rFire    . . .     SeeInvis .   a - +0 war axe
rCold    . . .     Faith    .   m - +0 tower shield
rNeg     . . .     Spirit   .   b - +0 robe
rPois    .         Reflect  .   c - +0 hat
rElec    .         Harm     .   (no cloak)
rCorr    .         Rampage  .   (gloves unavailable)
Will     .....                  (boots unavailable)
Stlth    +.........             (no amulet)
HPRegen  0.11/turn              (no ring)
MPRegen  0.08/turn              (no ring)

@: drained
A: large, unfitting armour, tough skin 1
a: no special abilities


You were on level 2 of the Dungeon.
You visited 1 branch of the dungeon, and saw 2 of its levels.

You collected 111 gold pieces.

Inventory:

Hand Weapons
 a - a +0 war axe (weapon)
Missiles
 d - 2 throwing nets (quivered)
 o - 24 poisoned darts
Armour
 b - a +0 robe (worn)
 c - a +0 hat (worn)
 m - a +0 tower shield (worn)
Jewellery
 p - a +6 ring of dexterity {unknown}
Scrolls
 e - 4 scrolls of remove curse {unknown}
 f - a scroll of fear {unknown}
 g - a scroll of identify {unknown}
 h - 3 scrolls of noise {unknown}
 i - 3 scrolls of amnesia {unknown}
 j - 2 scrolls of enchant weapon {unknown}
 k - a scroll of random uselessness {unknown}
 l - a scroll of blinking {unknown}
 n - 2 scrolls of teleportation {unknown}
Potions
 q - a potion of magic {unknown}


   Skills:
 + Level 3.2 Fighting
 * Level 3.6 Axes
 - Level 2.1 Throwing
 + Level 3.0 Dodging
 * Level 0.3 Shields


You had 2 spell levels left.
You didn't know any spells.
Your spell library was empty.

Dungeon Overview and Level Annotations

Branches:
Dungeon (2/15)

Altars:

Annotations:
D:2 Crazy Yiuf


Innate Abilities, Weirdness & Mutations

You are too large for most types of armour.
You have tough skin. (AC +1)


Message History

You hit Crazy Yiuf.
Crazy Yiuf is severely wounded.
Crazy Yiuf says, "Gnoll tortoise broken!"
Crazy Yiuf struggles against the net.
The net rips apart, and Crazy Yiuf comes free!
You barely miss Crazy Yiuf.
Crazy Yiuf is severely wounded.
Crazy Yiuf hits you with a +2 quarterstaff of chaos.
* * * LOW HITPOINT WARNING * * *
You feel drained. You block Crazy Yiuf's attack.
You closely miss Crazy Yiuf.
Crazy Yiuf is severely wounded.
Crazy Yiuf barely misses you.
Your shield prevents you from hitting Crazy Yiuf.
Crazy Yiuf is severely wounded.
You block Crazy Yiuf's attack.
Your shield prevents you from hitting Crazy Yiuf.
Crazy Yiuf is severely wounded.
Crazy Yiuf hits you with a +2 quarterstaff of chaos!
You die...

#....#######............
#....# ##.###..#....
###### #####..#####
#.#..# #.#..# ###
♣♣##....# #)..#♣♣
♣♣.#...###
#...'g♣♣♣♣......# #
#...#♣@.♣......########
### ♣♣♣.♣..#..........
♣♣♣♣♣########### # ###
### ######.####.#
#........##.#
#.###..#.##.###
#.............#


You could see Crazy Yiuf.

Vanquished Creatures
  2 worms (D:2)
  3 dart slugs (D:2)
  5 bats
  A giant cockroach (D:2)
  3 goblins
  4 hobgoblins
  A ball python (D:2)
  A frilled lizard (D:2)
  3 kobolds
  3 rats
26 creatures vanquished.

Notes
Turn   | Place    | Note
-------+----------+-------------------------------------------
     0 | D:1      | Ladykiller69 the Ogre Gladiator began the quest for the
                  | Orb.
     0 | D:1      | Reached XP level 1. HP: 22/22 MP: 1/1
   260 | D:1      | Reached XP level 2. HP: 29/29 MP: 2/2
  1052 | D:2      | Reached XP level 3. HP: 37/37 MP: 3/3
  1061 | D:2      | Found a faded altar of an unknown god.
  1841 | D:2      | Found a runed translucent door.
  1842 | D:2      | Noticed Crazy Yiuf
  1857 | D:2      | Slain by Crazy Yiuf

Illustrated notes

Levels and vault maps discovered:
D:1:      dpeg_arrival_shrine, layout_rooms, minmay_misc_feat_ornament
D:2:      layout_loops_ring, chequers_ecumenical_altar_island, minivault_5,
          uniq_crazy_yiuf_cottage

Skill      XL: |  1  2  3 |
---------------+----------+-----
Fighting       | 3 |  3.2
Dodging        | 3 |  3.0
Axes           | |  3.6
Throwing       | |  2.1
Shields        | |  0.3

Action                   || total
-------------------------++-------
Melee: War axe           ||    94
Throw: Throwing net      ||     1
Armor: Robe              ||    26
Dodge: Dodged            ||    42
Block: Tower shield      ||    18
